 Dungeon Crawl Stone Soup version 0.32-a0-886-g41c5271027 (webtiles) character file.

Game seed: 180703456734732857

66 Dirtsage the Slasher (level 3, 0/29 HPs)
             Began as a Demonspawn Monk on Apr 2, 2024.
             Slain by a goblin
             ... wielding a +0 club
             ... led by Robin
              (4 damage)
             ... on level 2 of the Dungeon.
             The game lasted 00:02:40 (1013 turns).

Dirtsage the Slasher (Demonspawn Monk)              Turns: 1013, Time: 00:02:40

Health: 0/29       AC:  3    Str: 11    XL:     3   Next: 96%
Magic:  3/3        EV: 11    Int: 10    God:
Gold:   85         SH:  0    Dex: 17    Spells: 2/2 levels left

rFire   . . .        a - +0 falchion
rCold   + . .        d - orb {light}
rNeg    . . .        j - +0 leather armour
rPois   .            (no helmet)
rElec   .            (no cloak)
rCorr   .            (no gloves)
SInv    .            (no boots)
Will    .....        (no amulet)
Stlth   +            I - ring of protection from cold
HPRegen 0.24/turn    W - ring of wizardry
MPRegen 0.08/turn

%: wizardry (x1)
@: glowing
A: foul stench 1
a: no special abilities


You were on level 2 of the Dungeon.
You visited 1 branch of the dungeon, and saw 2 of its levels.

You collected 85 gold pieces.

Inventory:

Hand Weapons
 a - a +0 falchion (weapon)
Missiles
 e - a throwing net (quivered)
Armour
 b - a +0 robe
 d - an orb of light (worn)
 j - a +0 leather armour (worn)
Jewellery
 I - a ring of protection from cold (left hand)
 W - a ring of wizardry (right hand)
Scrolls
 k - 2 scrolls of identify {unknown}
 m - a scroll of amnesia {unknown}
 n - a scroll of blinking {unknown}
 o - a scroll of enchant armour {unknown}
 p - a scroll of teleportation {unknown}
 q - a scroll of immolation {unknown}
 r - a scroll of revelation {unknown}
Potions
 f - a potion of enlightenment {unknown}
 g - a potion of heal wounds {unknown}
 h - a potion of brilliance {unknown}
 i - a potion of haste {unknown}
 l - a potion of curing {unknown}


   Skills:
 - Level 3.0 Fighting
 + Level 4.4 Long Blades
 - Level 2.6 Dodging


You had 2 spell levels left.
You didn't know any spells.
Your spell library was empty.

Dungeon Overview and Level Annotations

Branches:
Dungeon (2/15)

Altars:


Innate Abilities, Weirdness & Mutations

You may rarely emit foul miasma when damaged in melee.


Message History

* * * LOW HITPOINT WARNING * * *
The goblin hits you but does no damage.
Items here: ) [[ †.
You regained 4 hp, and now have 12/29 hp.
You bump into the rock wall.
You feel less invigorated.
You feel less confused. The quokka misses you.
The goblin hits you with a +6 dagger of venom!
* * * LOW HITPOINT WARNING * * *
You emit a cloud of foul miasma!
You take 8 damage, and have 4/29 hp.
MASSIVE DAMAGE!!
You hit the quokka.
The quokka is severely wounded.
The quokka completely misses you.
The goblin is engulfed in dark miasma.
The goblin is poisoned.
You kill the goblin!
You hit the quokka but do no damage.
The quokka is severely wounded.
The quokka barely misses you. x2
You hit the quokka.
The quokka is severely wounded.
The quokka barely misses you.
You slash the quokka!
You kill the quokka!
The hobgoblin no longer looks unusually strong.
A goblin comes into view. It is wielding a +0 club.
The goblin shouts!
You barely miss the hobgoblin. The hobgoblin hits you.
* * * LOW HITPOINT WARNING * * *
You take 1 damage, and have 6/29 hp.
You slash the hobgoblin!
You kill the hobgoblin!
You completely miss the goblin. The goblin hits you with a +0 club.
* * * LOW HITPOINT WARNING * * *
You take 3 damage, and have 3/29 hp.
You barely miss the goblin. The goblin hits you but does no damage.
You hit the goblin.
The goblin is heavily wounded.
The goblin hits you with a +0 club.
You die...

#......... #.# ##........
#... #.# #.......#.##..# #.#
.......##.#...# #.#
##............## #.#####
#.....#.........#####.#.<.#
#.......#...# #.......#...#
##..###.#....########......#
.).####....#))gg@.# ##.....#
###[.....#.)#####.#
#†#......# ###.##...##.)#
#... #.#...####
.......#.###.# ###.##.#...#
......##.# .# .#..#...#
......##.# g# ..######
......##.# g. .. ......##.#
#g #.# ########.. g#


You could see 2 goblins.

Vanquished Creatures
  Robin (D:2)
  6 endoplasms
  A giant cockroach (D:1)
  8 hobgoblins
  8 jackals
  6 kobolds
  2 quokkas
  A ball python (D:2)
  5 bats
  2 frilled lizards (D:1)
  5 goblins (D:2)
45 creatures vanquished.

Notes
Turn   | Place    | Note
-------+----------+-------------------------------------------
     0 | D:1      | Dirtsage the Demonspawn Monk began the quest for the Orb.
     0 | D:1      | Reached XP level 1. HP: 18/18 MP: 1/1
    69 | D:1      | Reached skill level 3 in Long Blades
   288 | D:1      | Gained mutation: You may rarely emit foul miasma when
                  | damaged in melee. [demonic ancestry]
   288 | D:1      | Reached XP level 2. HP: 20/24 MP: 2/2
   757 | D:2      | Reached XP level 3. HP: 29/29 MP: 3/3
   840 | D:2      | Reached skill level 4 in Long Blades
   976 | D:2      | Noticed Robin
   997 | D:2      | Killed Robin
  1013 | D:2      | Slain by a goblin

Illustrated notes

Levels and vault maps discovered:
D:1:      arrival_zaba_pyramid, layout_basic
D:2:      layout_rooms, uniq_natasha, uniq_crazy_yiuf_cottage, uniq_robin

Skill      XL: |  1  2  3 |
---------------+----------+-----
Long Blades    | 3 4 |  4.4
Fighting       | |  3.0
Dodging        | |  2.6

Action                     || total
---------------------------++-------
  Melee: Falchion          ||   107
    Use: Potion            ||     1
   Stab: Distracted        ||     1
 Armour: Robe              ||    18
         Leather armour    ||    58
  Dodge: Dodged            ||    74

Table legend: (Time is in decaauts)
 A = Elapsed time spent in this place.
 B = Non-inter-level travel time spent in this place.
 C = Inter-level travel time spent in this place.
 D = Time resting spent in this place.
 E = Time spent auto-exploring this place.
 F = Levels seen in this place.
 G = Mean time per level.
                   A        B        C        D        E       F      G
               +--------+--------+--------+--------+--------+-----+--------+
         Total |   1024 |   1013 |     11 |      0 |    767 |   2 |  512.0 |
       Dungeon |   1024 |   1013 |     11 |      0 |    767 |   2 |  512.0 |
               +--------+--------+--------+--------+--------+-----+--------+

Top non-repeatable levels by time:
     D:1: 734 daAuts
     D:2: 289 daAuts
